PAAA
JERSEY CITY TRITONS @ BAKERSFIELD NOBLES
09/15/2038
 
TOP OF THE 1ST
Jersey City Tritons batting - Pitching for Bakersfield Nobles : RHP Will McLeod
Pitching: RHP Will McLeod
Batting: RHB Santiago Valentín 0-0: Ball
1-0: Ball
2-0: Foul Ball, location: 2F
2-1: Ground out U3 (Groundball, 34S, EV 89.4 MPH)
Batting: LHB Bud Randall 0-0: Ball
1-0: Ball
2-0: Called Strike
2-1: Ground out 4-3 (Groundball, 4, EV 84.4 MPH)
Batting: RHB Edgar Baeza 0-0: Foul Ball, location: 2F
0-1: Ball
1-1: Ball
2-1: Foul Ball, location: 2F
2-2: Foul Ball, location: 2F
2-2: Ball
3-2: SINGLE (Groundball, 56D, EV 104.4 MPH)
Batting: RHB Norm Chodorow 0-0: Called Strike
0-1: Ball
1-1: Ball
2-1: Foul Ball, location: 2F
2-2: Strikes out swinging
Top of the 1st over - 0 runs, 1 hit, 0 errors, 1 left on base; Jersey City 0 - Bakersfield 0
BOTTOM OF THE 1ST
Bakersfield Nobles batting - Pitching for Jersey City Tritons : LHP Jeff Enamorado
Pitching: LHP Jeff Enamorado
Batting: RHB Asbel Kiprop 0-0: Called Strike
0-1: Swinging Strike
0-2: Ball
1-2: Fly out, F7 (Line Drive, 7, EV 90.6 MPH)
Batting: RHB John Mayasich 0-0: Ball
1-0: Foul Ball, location: 2F
1-1: Swinging Strike
1-2: SINGLE (Groundball, 34D, EV 94.4 MPH)
Batting: RHB Bart Goodine 0-0: Called Strike
0-1: Grounds into double play, 6-4-3 (Groundball, 6M, EV 88.1 MPH)
Bottom of the 1st over - 0 runs, 1 hit, 0 errors, 0 left on base; Jersey City 0 - Bakersfield 0
TOP OF THE 2ND
Jersey City Tritons batting - Pitching for Bakersfield Nobles : RHP Will McLeod
Batting: LHB Conor Gotaas 0-0: Called Strike
0-1: Ball
1-1: Ball
2-1: Fly out, F8 (Flyball, 8LM, EV 84.4 MPH)
Batting: RHB David Elías 0-0: Reached on error, E6 (Groundball, 6, EV 98.1 MPH)
Batting: RHB Carlos Rúbio 0-0: Foul Ball, location: 2F
0-1: Called Strike
0-2: Ball
1-2: Strikes out swinging
Batting: RHB Otton Dis 0-0: Called Strike
0-1: Ball
1-1: Swinging Strike
1-2: Strikes out looking
Top of the 2nd over - 0 runs, 0 hits, 1 error, 1 left on base; Jersey City 0 - Bakersfield 0
BOTTOM OF THE 2ND
Bakersfield Nobles batting - Pitching for Jersey City Tritons : LHP Jeff Enamorado
Batting: SHB Serious Lee 0-0: Ball
1-0: Ground out 5-3 (Groundball, 56, EV 103.1 MPH)
Batting: RHB Anselmo Berneu 0-0: Swinging Strike
0-1: Ball
1-1: Ball
2-1: Ball
3-1: Ground out 4-3 (Groundball, 4M, EV 101.9 MPH)
Batting: RHB Tyler Bowen 0-0: Ball
1-0: Ball
2-0: Called Strike
2-1: Ball
3-1: Foul Ball, location: 2F
3-2: Fly out, F8 (Flyball, 89D, EV 85.0 MPH)
Bottom of the 2nd over - 0 runs, 0 hits, 0 errors, 0 left on base; Jersey City 0 - Bakersfield 0
TOP OF THE 3RD
Jersey City Tritons batting - Pitching for Bakersfield Nobles : RHP Will McLeod
Batting: RHB Phil Oostermeer 0-0: Ball
1-0: Ball
2-0: Ball
3-0: Called Strike
3-1: Base on Balls
Batting: RHB Santiago Valentín 0-0: Ball
1-0: Ground out 5-3 (Groundball, 56S, EV 53.8 MPH)
Phil Oostermeer to second
Batting: LHB Bud Randall 0-0: Called Strike
Phil Oostermeer is caught stealing 3rd base 2-5
0-1: Ball
1-1: Ball
2-1: Foul Ball, location: 2F
2-2: Ground out 6-3 (Groundball, 6M, EV 93.8 MPH)
Top of the 3rd over - 0 runs, 0 hits, 0 errors, 0 left on base; Jersey City 0 - Bakersfield 0
BOTTOM OF THE 3RD
Bakersfield Nobles batting - Pitching for Jersey City Tritons : LHP Jeff Enamorado
Batting: RHB Juan Reyes 0-0: Swinging Strike
0-1: Foul Ball, location: 2F
0-2: Strikes out swinging
Batting: RHB Maxence Sultanbekov 0-0: Called Strike
0-1: Ball
1-1: Foul Ball, location: 2F
1-2: SINGLE (Flyball, 78S, EV 81.9 MPH)
Batting: RHB Cam MacIntosh 0-0: Called Strike
0-1: Ball
1-1: Ball
Maxence Sultanbekov is caught stealing 2nd base 2-4
2-1: Foul Ball, location: 2F
2-2: DOUBLE (Line Drive, 9LS, EV 92.5 MPH)
Batting: RHB Asbel Kiprop 0-0: Called Strike
0-1: Fly out, F9 (Line Drive, 9, EV 92.5 MPH)
Bottom of the 3rd over - 0 runs, 2 hits, 0 errors, 1 left on base; Jersey City 0 - Bakersfield 0
TOP OF THE 4TH
Jersey City Tritons batting - Pitching for Bakersfield Nobles : RHP Will McLeod
Batting: RHB Edgar Baeza 0-0: Ball
1-0: Called Strike
1-1: Foul Ball, location: 2F
1-2: Ball
2-2: Fly out, F4 (Popup, 34S, EV 85.6 MPH)
Batting: RHB Norm Chodorow 0-0: Ball
1-0: Called Strike
1-1: Ball
2-1: Fly out, F9 (Flyball, 9LM, EV 103.8 MPH)
Batting: LHB Conor Gotaas 0-0: Called Strike
0-1: Ball
1-1: Foul Ball, location: 2F
1-2: Ball
2-2: Strikes out looking
Top of the 4th over - 0 runs, 0 hits, 0 errors, 0 left on base; Jersey City 0 - Bakersfield 0
BOTTOM OF THE 4TH
Bakersfield Nobles batting - Pitching for Jersey City Tritons : LHP Jeff Enamorado
Batting: RHB John Mayasich 0-0: Called Strike
0-1: Ball
1-1: Swinging Strike
1-2: Ball
2-2: Fly out, F8 (Flyball, 8LS, EV 90.0 MPH)
Batting: RHB Bart Goodine 0-0: Foul Ball, location: 2F
0-1: Ball
1-1: Called Strike
1-2: Strikes out swinging
Batting: SHB Serious Lee 0-0: Fly out, F9 (Flyball, 89M, EV 88.1 MPH)
Bottom of the 4th over - 0 runs, 0 hits, 0 errors, 0 left on base; Jersey City 0 - Bakersfield 0
TOP OF THE 5TH
Jersey City Tritons batting - Pitching for Bakersfield Nobles : RHP Will McLeod
Batting: RHB David Elías 0-0: Ball
1-0: Ball
2-0: Foul Ball, location: 2F
2-1: Ball
3-1: Base on Balls
Batting: RHB Carlos Rúbio 0-0: Ball
1-0: Foul Ball, location: 2F
1-1: Ball
2-1: Swinging Strike
2-2: Ball
3-2: Base on Balls
David Elías to second
Batting: RHB Otton Dis 0-0: Sac Bunt to 15 - play at first, batter OUT! 1-4
David Elías to third
Carlos Rúbio to second
Pitching: RHP Mark Robinson
Batting: RHB Phil Oostermeer 0-0: Called Strike
0-1: Ball
1-1: Ball
2-1: SINGLE (Groundball, 34, EV 88.8 MPH) (infield hit)
David Elías scores
Carlos Rúbio to third
Batting: RHB Santiago Valentín 0-0: Called Strike
0-1: Called Strike
Phil Oostermeer is caught stealing 2nd base 2-4
0-2: Ball
1-2: Ball
2-2: Strikes out swinging
Top of the 5th over - 1 run, 1 hit, 0 errors, 1 left on base; Jersey City 1 - Bakersfield 0
BOTTOM OF THE 5TH
Bakersfield Nobles batting - Pitching for Jersey City Tritons : LHP Jeff Enamorado
Batting: RHB Anselmo Berneu 0-0: Called Strike
0-1: Called Strike
0-2: Foul Ball, location: 2F
0-2: Ball
1-2: Ball
2-2: Foul Ball, location: 2F
2-2: Ball
3-2: Foul Ball, location: 2F
3-2: Foul Ball, location: 2F
3-2: Foul Ball, location: 2F
3-2: Foul Ball, location: 2F
3-2: SOLO HOME RUN (Flyball, 7D, EV 104.4 MPH), Distance : 378 ft
Batting: RHB Tyler Bowen 0-0: Swinging Strike
0-1: Ball
1-1: Foul Ball, location: 2F
1-2: Strikes out looking
Batting: RHB Juan Reyes 0-0: SINGLE (Line Drive, 8LS, EV 100.6 MPH)
Batting: RHB Maxence Sultanbekov 0-0: Called Strike
0-1: Ball
1-1: Swinging Strike
1-2: Grounds into double play, 6-4-3 (Groundball, 6M, EV 84.4 MPH)
Bottom of the 5th over - 1 run, 2 hits, 0 errors, 0 left on base; Jersey City 1 - Bakersfield 1
TOP OF THE 6TH
Jersey City Tritons batting - Pitching for Bakersfield Nobles : RHP Mark Robinson
Batting: LHB Bud Randall 0-0: Ball
1-0: Ball
2-0: Ball
3-0: Called Strike
3-1: Foul Ball, location: 2F
3-2: Base on Balls
Batting: RHB Edgar Baeza 0-0: Ball
1-0: Called Strike
1-1: SINGLE (Groundball, 6D, EV 105.6 MPH)
Bud Randall to second
Runner from 2nd tries for 3rd, SAFE, no throw by CF
Batting: RHB Norm Chodorow 0-0: Ball
1-0: Fly out, F8 (Flyball, 8RD, EV 100.0 MPH)
Runner from 3rd tags up, SCORES, throw by CF
Batting: LHB Conor Gotaas 0-0: Called Strike
0-1: Foul Ball, location: 2F
0-2: Foul Ball, location: 2F
0-2: Strikes out swinging
Batting: RHB David Elías 0-0: Foul Ball, location: 2F
0-1: Ball
1-1: Foul Ball, location: 2F
1-2: Strikes out looking
Top of the 6th over - 1 run, 1 hit, 0 errors, 1 left on base; Jersey City 2 - Bakersfield 1
BOTTOM OF THE 6TH
Bakersfield Nobles batting - Pitching for Jersey City Tritons : LHP Jeff Enamorado
Batting: RHB Cam MacIntosh 0-0: Ground out 6-3 (Groundball, 56, EV 79.4 MPH)
Batting: RHB Asbel Kiprop 0-0: Ball
1-0: Ball
2-0: Called Strike
2-1: Ball
3-1: Base on Balls
Batting: RHB John Mayasich 0-0: Ball
1-0: Foul Ball, location: 2F
1-1: Foul Ball, location: 2F
1-2: Foul Ball, location: 2F
1-2: Strikes out looking
Batting: RHB Bart Goodine 0-0: Ball
1-0: Called Strike
1-1: Ball
2-1: Ball
3-1: Base on Balls
Asbel Kiprop to second
Batting: SHB Serious Lee 0-0: Swinging Strike
0-1: SINGLE (Groundball, 56D, EV 101.9 MPH)
Asbel Kiprop to third
Bart Goodine to second
Runner from 3rd tries for Home, SAFE, throw by LF to home
Batting: RHB Anselmo Berneu 0-0: Fly out, F8 (Flyball, 89M, EV 90.6 MPH)
Bottom of the 6th over - 1 run, 1 hit, 0 errors, 2 left on base; Jersey City 2 - Bakersfield 2
TOP OF THE 7TH
Jersey City Tritons batting - Pitching for Bakersfield Nobles : RHP Mark Robinson
Batting: RHB Carlos Rúbio 0-0: Called Strike
0-1: Foul Ball, location: 2F
0-2: Ball
1-2: Foul Ball, location: 2F
1-2: Ball
2-2: Foul Ball, location: 2F
2-2: Ground out 1-3 (Groundball, 25, EV 73.1 MPH)
Batting: RHB Otton Dis 0-0: Called Strike
0-1: Called Strike
0-2: Ball
1-2: Foul Ball, location: 2F
1-2: Ball
2-2: Ball
3-2: Fly out, F6 (Popup, 6M, EV 57.5 MPH)
Pitching: RHP José Guillén
Batting: RHB Phil Oostermeer 0-0: Ball
1-0: SOLO HOME RUN (Flyball, 78XD, EV 93.8 MPH), Distance : 412 ft
Batting: RHB Santiago Valentín 0-0: Ball
1-0: Ball
2-0: Ball
3-0: Called Strike
3-1: Fly out, F8 (Flyball, 8RD, EV 86.9 MPH)
Top of the 7th over - 1 run, 1 hit, 0 errors, 0 left on base; Jersey City 3 - Bakersfield 2
BOTTOM OF THE 7TH
Bakersfield Nobles batting - Pitching for Jersey City Tritons : LHP Jeff Enamorado
Batting: RHB Tyler Bowen 0-0: Called Strike
0-1: Foul Ball, location: 2F
0-2: Ball
1-2: Foul Ball, location: 2F
1-2: Foul Ball, location: 2F
1-2: Ball
2-2: Fly out, F8 (Line Drive, 8RM, EV 91.2 MPH)
Batting: RHB Juan Reyes 0-0: Ball
1-0: Fly out, F8 (Flyball, 89M, EV 93.1 MPH)
Batting: RHB Maxence Sultanbekov 0-0: Ball
1-0: Foul Ball, location: 2F
1-1: Ball
2-1: Foul Ball, location: 2F
2-2: SINGLE (Flyball, 8LS, EV 91.2 MPH)
Pitching: RHP Dou-guan Shao
Pinch Hitting: SHB Temaki Yuka 0-0: Ball
Maxence Sultanbekov steals 2nd base
1-0: Foul Ball, location: 2F
1-1: Fly out, F4 (Popup, 3D, EV 52.5 MPH)
Bottom of the 7th over - 0 runs, 1 hit, 0 errors, 1 left on base; Jersey City 3 - Bakersfield 2
TOP OF THE 8TH
Jersey City Tritons batting - Pitching for Bakersfield Nobles : RHP José Guillén
Now at SS: Juan Alvarado
Batting: LHB Bud Randall 0-0: Foul Ball, location: 2F
0-1: Ball
1-1: Ball
2-1: Foul Ball, location: 2F
2-2: SINGLE (Groundball, 4S, EV 70.6 MPH) (infield hit)
Batting: RHB Edgar Baeza 0-0: Called Strike
0-1: Fly out, F9 (Flyball, 9LM, EV 83.1 MPH)
Batting: RHB Norm Chodorow 0-0: Ball
1-0: Ball
2-0: Grounds into double play, 5-4-3 (Groundball, 56, EV 86.9 MPH)
Top of the 8th over - 0 runs, 1 hit, 0 errors, 0 left on base; Jersey City 3 - Bakersfield 2
BOTTOM OF THE 8TH
Bakersfield Nobles batting - Pitching for Jersey City Tritons : RHP Dou-guan Shao
Now at 2B: Steve Whitehead
Batting: RHB Asbel Kiprop 0-0: SINGLE (Line Drive, 7LS, EV 101.9 MPH)
Batting: RHB John Mayasich 0-0: Fielders Choice at 2nd, 4-6 (Groundball, 34, EV 97.5 MPH)
Pinch Hitting: LHB Juan Jose Hernández 0-0: Fly out, F8 (Flyball, 8LD, EV 101.2 MPH)
Pinch Hitting: LHB José Ruíz 0-0: Ball
1-0: SINGLE (Line Drive, 89S, EV 106.2 MPH)
John Mayasich to second
Batting: RHB Anselmo Berneu 0-0: Ball
1-0: Foul Ball, location: 2F
1-1: Ball
2-1: Ball
3-1: Called Strike
3-2: Fly out, F7 (Flyball, 78D, EV 111.2 MPH)
Bottom of the 8th over - 0 runs, 2 hits, 0 errors, 2 left on base; Jersey City 3 - Bakersfield 2
TOP OF THE 9TH
Jersey City Tritons batting - Pitching for Bakersfield Nobles : RHP José Guillén
Now at 2B: Vaughn White
Now in RF: José Ruíz
Batting: LHB Conor Gotaas 0-0: Ball
1-0: Ground out 6-3 (Groundball, 6, EV 108.8 MPH)
Batting: RHB David Elías 0-0: Ball
1-0: SOLO HOME RUN (Flyball, 7D, EV 104.4 MPH), Distance : 374 ft
Batting: RHB Carlos Rúbio 0-0: Called Strike
0-1: Called Strike
0-2: Ball
1-2: Ground out 4-3 (Groundball, 4, EV 90.0 MPH)
Batting: RHB Otton Dis 0-0: Ball
1-0: Ball
2-0: Foul Ball, location: 2F
2-1: Ground out 5-3 (Groundball, 56S, EV 86.2 MPH)
Top of the 9th over - 1 run, 1 hit, 0 errors, 0 left on base; Jersey City 4 - Bakersfield 2
BOTTOM OF THE 9TH
Bakersfield Nobles batting - Pitching for Jersey City Tritons : RHP Dou-guan Shao
Pitching: RHP Mac Hippenhammer
Batting: RHB Tyler Bowen 0-0: Ball
1-0: Called Strike
1-1: Fly out, F2 (Popup, 23F, EV 80.6 MPH)
Batting: RHB Juan Reyes 0-0: Ball
1-0: Ball
2-0: Swinging Strike
2-1: Called Strike
2-2: Foul Ball, location: 2F
2-2: Foul Ball, location: 2F
2-2: Foul Ball, location: 2F
2-2: Ball
3-2: Fly out, F3 (Popup, 3SF, EV 82.5 MPH)
Batting: RHB Maxence Sultanbekov 0-0: Ball
1-0: Ball
2-0: Ball
3-0: Base on Balls
Batting: LHB Juan Alvarado 0-0: Ball
1-0: Called Strike
1-1: Ball
2-1: Ball
3-1: Foul Ball, location: 2F
3-2: Strikes out swinging
Bottom of the 9th over - 0 runs, 0 hits, 0 errors, 1 left on base; Jersey City 4 - Bakersfield 2
Friday, April 17th, 2020 - OOTP Baseball 20.8 Build 74